 Dungeon Sprint DCSS version 0.21.2 (webtiles) character file.

6091 Fang the Severer (level 10, -12/114 HPs)
             Began as a Gargoyle Berserker on Sept 25, 2018.
             Was the Champion of Trog.
             Mangled by a cyclops (18 damage)
             ... in the Dungeon (Sprint VII: "The Pits").
             The game lasted 00:07:42 (1288 turns).

Fang the Severer (Gargoyle Berserker)               Turns: 1288, Time: 00:07:42

Health: -12/114    AC: 26    Str: 29    XL:     10   Next: 88%
Magic:  3/3        EV: 13    Int:  8    God:    Trog [******]
Gold:   0          SH:  0    Dex:  9    Spells: 9/9 levels left

rFire    . . .     SeeInvis .   u - +3 battleaxe (antimagic)
rCold    . . .     Gourm    .   (shield currently unavailable)
rNeg     + . .     Faith    .   b - +3 plate armour
rPois    ∞         Spirit   .   (no helmet)
rElec    +         Reflect  .   (no cloak)
rCorr    .         Harm     .   (no gloves)
MR       .....     NoTele   +   (no boots)
Stlth    ..........             (no amulet)
HPRegen  0.29/turn              s - +3 ring of protection
MPRegen  0.08/turn              o - +3 ring of evasion

@: berserking, slowed
A: negative energy resistance 1, electricity resistance, unbreathing,
petrification resistance, rot immunity, AC +7
a: Berserk, Trog's Hand, Brothers in Arms, Burn Spellbooks, Renounce Religion


You were in the Dungeon.
You worshipped Trog.
Trog was exalted by your worship.
You were hungry.

You visited 1 branch

Inventory:

Hand Weapons
 j - a +2 hand axe
 p - a +4 executioner's axe of electrocution
 t - a +1 broad axe of freezing
 u - a +3 antimagic battleaxe (weapon)
Armour
 b - a +3 plate armour (worn)
Jewellery
 o - a +3 ring of evasion (right hand)
 s - a +3 ring of protection (left hand)
Wands
 n - a wand of random effects (14)
Scrolls
 i - a scroll of blinking
 k - 3 scrolls of remove curse
 l - a scroll of summoning
Potions
 a - 2 potions of invisibility
 d - 8 potions of curing
 e - 6 potions of heal wounds
 f - 2 potions of haste
 g - 5 potions of magic
 h - 6 potions of berserk rage
 q - 2 potions of brilliance
 r - a potion of agility
Comestibles
 c - 9 rations
 m - 4 chunks of flesh


   Skills:
 + Level 14.5 Fighting
 + Level 16.2 Axes
 + Level 8.3 Armour
 + Level 6.7 Dodging
 + Level 5.9 Stealth


You had 9 spell levels left.
You didn't know any spells.

Dungeon Overview and Level Annotations

Branches:
Dungeon (1/1)

Altars:
Cheibriados
Dithmenos
Elyvilon
Fedhas
Gozag
Hepliaklqana
Makhleb
Nemelex Xobeh
Okawaru
Qazlal
Ru
Sif Muna
Trog
Vehumet
Wu Jian
Xom
Yredelemnul
Zin
The Shining One
Beogh
Jiyva
Lugonu


Innate Abilities, Weirdness & Mutations

You are resistant to torment.
Your stone body is resilient. (AC +7)
You are immune to poison.
You resist negative energy. (rN+)
You are resistant to electric shocks. (rElec)
You can survive without breathing.
You are immune to petrification.
You are immune to rotting.


Message History

You slice the freezing wraith!!
You destroy the freezing wraith!
Trog accepts your kill.
The orc warrior throws a tomahawk.
The tomahawk hits you but does no damage.
The orc warrior hits you but does no damage.
The cyclops hits you but does no damage.
The orc warrior hits you but does no damage.
There is an open door here.
You slash the orc warrior!
The orc warrior is heavily wounded.
You slice the cyclops!!
The cyclops hits you but does no damage.
The orc warrior hits you but does no damage.
A red film seems to cover your vision as you go berserk!
You feel yourself moving faster!
You feel mighty!
You are feeling hungry.
The orc hits you but does no damage. The orc warrior misses you.
The cyclops hits you!!
You die...

......##.)##.##...##...##
......##..####.....##.##.#
......##...##......#...#o#
########....[......'...C.
########...##......#...#
.#..[[##..####.....##.##
.#..[[##..##.##...##W..## .#
.'..))##..##..##o##.....#...#
.#..))##..# #..#@#..†...†..#
.#..))##..# #..oC(.###†..##
########### ######## ####


You could see a cyclops, an orc warrior and an orc.

Vanquished Creatures
  A death yak (D)
  Erica (D)
  Sonja (D)
  An orc sorcerer (D)
  A komodo dragon (D)
  A freezing wraith (D)
  A polar bear (D)
  A hornet (D)
  A small abomination (D)
  A redback (D)
  A wyvern (D)
  A fire bat (D)
  A steam dragon (D)
  A basilisk (D)
  2 water moccasins (D)
  Duvessa (D)
  A swamp drake (D)
  A floating eye (D)
  A porcupine (D)
  An orc warrior (D)
  A phantom (D)
  5 wolves (D)
  A bullfrog (D)
  Dowan (D)
  A quasit (D)
  An orc priest (D)
  A hound (D)
  2 orc wizards (D)
  Jessica (D)
  2 iguanas (D)
  A worker ant (D)
  A hell rat (D)
  A gnoll (D)
  3 adders (D)
  An ufetubus (D)
  9 orcs (D)
  A bat (D)
  A giant cockroach (D)
  A goblin (D)
  A hobgoblin (D)
  A quokka (D)
  2 ball pythons (D)
60 creatures vanquished.

Vanquished Creatures (collateral kills)
  An orc knight (D)
  An orc warrior (D)
  4 wolves (D)
6 creatures vanquished.

Grand Total: 66 creatures vanquished

Notes
Turn   | Place    | Note
-------+----------+-------------------------------------------
     0 | D        | Fang the Gargoyle Berserker began the quest for the Orb.
     0 | D        | Reached XP level 1. HP: 14/14 MP: 1/1
    28 | D        | Found a bloodstained altar of Trog.
    28 | D        | Found a deep blue altar of Sif Muna.
    28 | D        | Found a viscous altar of Jiyva.
    28 | D        | Found a hazy altar of Hepliaklqana.
    28 | D        | Found an opulent altar of Gozag.
    29 | D        | Found a glowing golden altar of the Shining One.
    29 | D        | Found a glowing silver altar of Zin.
    29 | D        | Found a basalt altar of Yredelemnul.
    29 | D        | Found a shimmering altar of Xom.
    29 | D        | Found an ornate altar of the Wu Jian Council.
    29 | D        | Found a sacrificial altar of Ru.
    29 | D        | Found a stormy altar of Qazlal.
    29 | D        | Found an iron altar of Okawaru.
    29 | D        | Found a sparkling altar of Nemelex Xobeh.
    29 | D        | Found a burning altar of Makhleb.
    29 | D        | Found a blossoming altar of Fedhas.
    29 | D        | Found a white marble altar of Elyvilon.
    29 | D        | Found a shadowy altar of Dithmenos.
    29 | D        | Found a snail-covered altar of Cheibriados.
    32 | D        | Found a corrupted altar of Lugonu.
    32 | D        | Found a radiant altar of Vehumet.
    32 | D        | Found a roughly hewn altar of Beogh.
    68 | D        | Noticed a floating eye
    69 | D        | Paralysed by a floating eye for 3 turns
    74 | D        | Reached skill level 3 in Axes
    74 | D        | Reached XP level 2. HP: 15/20 MP: 2/2
    76 | D        | Killed a floating eye
    76 | D        | Reached ** piety under Trog
    76 | D        | Reached skill level 5 in Axes
    76 | D        | Reached skill level 1 in Stealth
    76 | D        | Reached XP level 3. HP: 21/28 MP: 3/3
    76 | D        | Reached XP level 4. HP: 26/34 MP: 4/4
   209 | D        | Noticed a porcupine
   212 | D        | Killed a porcupine
   212 | D        | Reached skill level 7 in Axes
   212 | D        | Reached XP level 5. HP: 40/40 MP: 5/5
   213 | D        | Reached *** piety under Trog
   214 | D        | Reached XP level 6. HP: 45/45 MP: 6/6
   317 | D        | Noticed a fire bat
   319 | D        | Noticed an orc warrior
   321 | D        | Reached **** piety under Trog
   327 | D        | Noticed Jessica
   327 | D        | Killed a fire bat
   327 | D        | Reached skill level 8 in Axes
   327 | D        | Reached skill level 5 in Armour
   330 | D        | Killed an orc warrior
   330 | D        | Received a gift from Trog
   330 | D        | Reached skill level 10 in Fighting
   330 | D        | Reached XP level 7. HP: 52/52 MP: 7/7
   332 | D        | Killed Jessica
   332 | D        | Reached skill level 9 in Axes
   351 | D        | Reached ***** piety under Trog
   399 | D        | Reached skill level 5 in Dodging
   401 | D        | Reached skill level 10 in Axes
   452 | D        | Noticed Erica
   452 | D        | Noticed an orc knight
   455 | D        | Reached XP level 8. HP: 60/60 MP: 8/8
   457 | D        | Received a gift from Trog
   460 | D        | Killed Erica
   460 | D        | Reached skill level 11 in Axes
   477 | D        | Killed an orc knight
   477 | D        | Reached skill level 12 in Axes
   477 | D        | Reached skill level 5 in Stealth
   477 | D        | Reached XP level 9. HP: 32/67 MP: 9/9
   771 | D        | Noticed Duvessa
   772 | D        | Noticed an orc sorcerer
   773 | D        | Noticed Dowan
   775 | D        | Killed Duvessa
   775 | D        | Received a gift from Trog
   778 | D        | Paralysed by an orc sorcerer for 5 turns
   785 | D        | Killed an orc sorcerer
   785 | D        | Reached skill level 13 in Axes
   787 | D        | Reached ****** piety under Trog
   800 | D        | Killed Dowan
  1000 | D        | Noticed a polar bear
  1021 | D        | Killed a polar bear
  1021 | D        | Received a gift from Trog
  1021 | D        | Reached skill level 14 in Axes
  1021 | D        | Reached XP level 10. HP: 62/73 MP: 10/10
  1128 | D        | Noticed Sonja
  1134 | D        | Received a gift from Trog
  1140 | D        | Killed Sonja
  1140 | D        | Reached skill level 15 in Axes
  1193 | D        | Noticed a death yak
  1202 | D        | Killed a death yak
  1202 | D        | Received a gift from Trog
  1226 | D        | Reached skill level 16 in Axes
  1269 | D        | Noticed a cyclops
  1284 | D        | HP: 3/76 [freezing wraith (21)]
  1288 | D        | Mangled by a cyclops

Skill      XL: |  1  2  3  4  5  6  7  8  9 10 |
---------------+-------------------------------+-----
Fighting       | 4 7 8 10 11 12 13 14 | 14.5
Axes           | 3 5 7 8 10 12 14 16 | 16.2
Dodging        | 2 3 4 5 6 |  6.7
Armour         | 3 4 5 6 7 8 |  8.3
Stealth        | 1 2 3 4 5 |  5.9

Action                   |  1- 3 |  4- 6 |  7- 9 | 10-12 || total
-------------------------+-------+-------+-------+-------++-------
Melee: Hand axe          |    10 |    20 |    48 |       ||    78
       Executioner's axe |       |       |    31 |     2 ||    33
       Battleaxe         |       |       |       |    43 ||    43
Invok: Berserk           |     1 |     2 |     4 |     3 ||    10
       Brothers in Arms  |       |       |     1 |     1 ||     2
 Stab: Sleeping          |     1 |       |       |       ||     1
  Eat: Chunk             |       |       |     7 |     4 ||    11
Armor: Animal skin       |     2 |     1 |       |       ||     3
       Plate armour      |       |    12 |    47 |    35 ||    94
Dodge: Dodged            |     3 |    15 |    32 |    36 ||    86
